AoeStats
← 啊超

Highland

504250385Analyzed
4v4 RM · 27d ago on Sep 4, 2026· 53m 5s· 8 players
Game mode
Random Map
Map size
Large (8 player)
Population
200
Speed
Normal
Resources
Standard
Victory
Conquest
Starting age
Dark Age
Ending age
Imperial Age
RankedLock teamsTeams togetherTeam positionsShared explorationLock speedFull tech treeHidden civsTurbo modeCheats
Victory
Defeat
🇪🇸 Burgundians · Spain
1136
+16
🇨🇳 Persians · China
1127
+17
🇦🇺 Berbers · Australia
1122
+17
🇬🇧 Poles · United Kingdom
1086
+46
🇨🇳 Burgundians · China
1168
-18
🇹🇼 Huns · Taiwan
1154
-18
🇺🇸 Lithuanians · United States
1153
-18
🇨🇳 Britons · China
1092
-15
iPOLANDO
0:43 Loom
11:02 Feudal Age
12:59 Stone Mining
20:12 Castle Age
19:12 Horse Collar
23:14 Double-Bit Axe
24:21 Szlachta Privileges
24:01 Treadmill Crane
25:09 Heavy Plow
27:30 Scale Mail Armor
29:41 Scale Barding Armor
30:03 Forging
30:37 Bloodlines
31:48 Iron Casting
34:55 Wheelbarrow
34:36 Bow Saw
35:41 Chain Barding Armor
35:39 Chain Mail Armor
LUZrapa
2:02 Loom
8:13 Horse Collar
8:20 Double-Bit Axe
13:04 Feudal Age
14:18 Bow Saw
18:28 Castle Age
17:11 Forging
19:16 Husbandry
18:39 Cavalier
19:09 Town Watch
19:39 Scale Barding Armor
23:14 Wheelbarrow
27:19 Heavy Plow
28:53 Hand Cart
31:20 Crop Rotation
32:07 Iron Casting
36:54 Imperial Age
36:01 Two-Man Saw
35:33 Chain Barding Armor
35:24 Treadmill Crane
37:50 Burgundian Vineyards
37:15 Paladin
38:57 Plate Barding Armor
39:24 Blast Furnace
39:46 Chemistry
40:33 Gold Mining
40:36 Stone Mining
46:21 Gold Shaft Mining
elhijochiquito
2:26 Loom
10:07 Feudal Age
11:05 Double-Bit Axe
11:28 Horse Collar
19:59 Castle Age
20:03 Wheelbarrow
19:19 Gold Mining
19:20 Stone Mining
20:06 Fletching
20:53 Bloodlines
23:01 Squires
22:57 Pikeman
33:40 Gold Shaft Mining
34:36 Stone Shaft Mining
34:59 Redemption
36:09 Hand Cart
37:29 Bow Saw
37:21 Heavy Plow
38:26 Husbandry
38:15 Fishing Lines
45:03 Imperial Age
44:54 Bodkin Arrow
45:00 Padded Archer Armor
47:47 Chemistry
46:19 Elite Genitour
47:03 Bracer
47:12 Capped Ram
逝水流年
10:47 Feudal Age
15:39 Castle Age
13:36 Double-Bit Axe
13:45 Horse Collar
14:04 Loom
20:22 Wheelbarrow
21:44 Heavy Plow
21:35 Town Watch
25:47 Hand Cart
26:04 Hand Cart
26:10 Hand Cart
26:19 Hand Cart
26:31 Gold Mining
28:04 Stone Mining
28:59 Gold Shaft Mining
31:45 Imperial Age
29:18 Husbandry
29:26 Scale Barding Armor
29:31 Forging
30:32 Chain Barding Armor
30:29 Bow Saw
30:57 Stone Shaft Mining
31:13 Bloodlines
31:41 Iron Casting
31:28 Elite War Elephant
32:28 Conscription
33:01 Plate Barding Armor
35:20 Chemistry
38:02 Crop Rotation
38:35 Two-Man Saw
39:54 Blast Furnace
40:23 Guilds
40:14 Caravan
41:42 Citadels
41:36 Fletching
42:32 Hoardings
43:59 Citadels
47:17 Capped Ram
48:19 Light Cavalry
50:44 Kamandaran
51:45 Devotion
51:33 Heavy Cavalry Archer
52:39 Parthian Tactics
52:21 Thumb Ring
51:50 Elite Genitour
53:00 Heavy Camel Rider
RaffaEP
0:33 Loom
12:34 Feudal Age
15:26 Double-Bit Axe
18:10 Castle Age
18:22 Gold Mining
18:23 Stone Mining
18:16 Horse Collar
20:10 Bow Saw
21:18 Fervor
22:44 Medium Warships
23:41 Wheelbarrow
23:56 Fishing Lines
26:03 Scale Mail Armor
26:33 Squires
28:06 Hand Cart
28:13 Gillnets
29:43 Chain Mail Armor
31:22 Scale Barding Armor
36:21 Imperial Age
33:38 Pikeman
34:04 Arson
35:02 Hill Forts
35:19 Forging
36:26 Elite Leitis
37:07 Tower Shields
37:28 Conscription
39:22 Chemistry
38:34 Fortified Wall
38:21 Murder Holes
38:08 Treadmill Crane
38:49 Ballistics
38:41 Masonry
38:04 Halberdier
39:50 Iron Casting
39:40 Chain Barding Armor
39:24 Caravan
39:49 Fletching
43:27 Cavalier
44:17 Bloodlines
44:08 Husbandry
45:36 Bombard Tower
47:26 Plate Barding Armor
46:47 Bodkin Arrow
46:52 Padded Archer Armor
49:28 Bracer
49:29 Paladin
52:06 Devotion
53:03 Leather Archer Armor
curson
6:45 Loom
13:06 Feudal Age
15:16 Double-Bit Axe
19:18 Castle Age
17:47 Gold Mining
18:12 Fletching
18:26 Horse Collar
19:21 Bloodlines
21:01 Scale Barding Armor
22:52 Chain Barding Armor
22:44 Husbandry
24:54 Forging
29:56 Light Cavalry
30:49 Thumb Ring
35:43 Imperial Age
34:19 Bodkin Arrow
34:25 Padded Archer Armor
36:33 Wheelbarrow
36:23 Ballistics
37:01 Bracer
37:22 Medium Warships
38:01 Parthian Tactics
39:38 Chemistry
38:25 Hussar
46:05 Masonry
45:50 Murder Holes
47:07 Bow Saw
47:39 Plate Barding Armor
47:40 Iron Casting
50:12 Heavy Plow
378080739
0:28 Loom
15:03 Feudal Age
15:18 Gold Mining
15:15 Double-Bit Axe
18:51 Bow Saw
19:22 Gold Shaft Mining
18:42 Horse Collar
21:45 Castle Age
19:40 Stone Mining
21:13 Stone Shaft Mining
22:37 Pikeman
23:18 Squires
23:40 Forging
29:30 Two-Man Saw
29:42 Heavy Plow
37:41 Wheelbarrow
39:46 Iron Casting
啊超
12:19 Feudal Age
19:07 Castle Age
17:19 Double-Bit Axe
17:21 Horse Collar
19:26 Loom
20:24 Fletching
20:47 Bow Saw
21:50 Bodkin Arrow
22:57 Padded Archer Armor
24:56 Pikeman
26:20 Leather Archer Armor
28:04 Gold Mining
32:46 Imperial Age
30:15 Crossbowman
31:03 Squires
31:18 Forging
31:52 Ballistics
31:41 Gambesons
31:48 Arson
33:01 Scale Mail Armor
34:20 Wheelbarrow
35:46 Chemistry
35:44 Bracer
36:34 Yeomen
37:04 Halberdier
38:51 Arbalester
42:24 Iron Casting
42:05 Chain Mail Armor
Connection lost

Rejoining the realm…

Still unreachable

The connection could not be restored.

Session expired

The server has moved on; the page needs a fresh start.